 Dungeon Crawl Stone Soup version 0.27.1 (webtiles) character file.

Game seed: 10461312711921399974

328 sanka the Chopper (level 6, -2/50 HPs)
             Began as a Palentonga Abyssal Knight on Aug 22, 2021.
             Was a Priest of Lugonu.
             Slain by Pikel (10 damage)
             ... on level 4 of the Dungeon.
             The game lasted 00:04:59 (3655 turns).

sanka the Chopper (Palentonga Abyssal Knight)       Turns: 3655, Time: 00:05:00

Health: -2/50      AC:  7    Str: 17    XL:     6   Next: 25%
Magic:  9/9        EV:  5    Int: 12    God:    Lugonu [***...]
Gold:   99         SH:  0    Dex: 10    Spells: 5/5 levels left

rFire    . . .     SeeInvis +   a - +2 short sword (elec)
rCold    . . .     Faith    .   (no shield)
rNeg     . . .     Spirit   .   m - +0 chain mail
rPois    .         Reflect  .   (no helmet)
rElec    .         Harm     .   (no cloak)
rCorr    .         Rampage  .   (no gloves)
Will     .....                  (no barding)
Stlth    ..........             (no amulet)
HPRegen  0.16/turn              (no ring)
MPRegen  0.11/turn              (no ring)

@: no status effects
A: large, rugged brown scales 3, see invisible, deformed body, roll 1, armoured
tail, wild magic 1
a: Rolling Charge, Renounce Religion, Depart the Abyss, Bend Space, Banish


You were on level 4 of the Dungeon.
You worshipped Lugonu.
Lugonu was most pleased with you.
You visited 1 branch of the dungeon, and saw 4 of its levels.
You visited the Abyss 1 time.

You collected 99 gold pieces.


Innate Abilities, Weirdness & Mutations

You are completely covered in rugged brown scales. (AC +3, +7% HP)
You have supernaturally acute eyesight. (SInv)
Armour fits poorly on your strangely shaped body.
You can roll at nearby foes to attack.
You have a long armoured tail.
Your spells are a little harder to cast, but a little more powerful.


   Skills:
 - Level 3.0 Fighting
 + Level 5.7 Axes
 - Level 1.5 Armour
 - Level 0.7 Dodging
 * Level 4.1 Invocations


You had 5 spell levels left.
You didn't know any spells.
Your spell library was empty.

Inventory:

Hand Weapons
 a - a +2 short sword of electrocution (weapon)
 b - a +1 hand axe
 l - a +0 dagger
Armour
 c - a +0 ring mail
 m - a +0 chain mail (worn)
 o - a +0 leather armour
Scrolls
 d - a scroll of fear {unknown}
 e - a scroll of torment {unknown}
 g - a scroll of enchant armour {unknown}
 i - 6 scrolls of identify {unknown}
 j - a scroll of amnesia {unknown}
 p - a scroll of teleportation {unknown}
Potions
 f - a potion of mutation {!q}
 k - a potion of degeneration {unknown}
 n - a potion of might {unknown}

Dungeon Overview and Level Annotations

Branches:
Dungeon (4/15)
 Temple: D:4-7

Altars:
Cheibriados
Fedhas
Qazlal
Ru

Annotations:
D:4 Ijyb, Pikel

▒...▒.▒▒▒.▒▒▒
▒...†.....▒
▒...▒▒▒▒▒.▒ ▒...▒
... ▒.▒.▒▒▒▒▒▒▒...
▒▒▒.▒▒▒...........
..▒ ▒▒(▒▒▒▒▒▒▒▒▒
▒▒▒K▒▒▒)▒▒ ▒H▒.▒▒
▒K.▒▒ ▒.▒▒ ▒.▒ ..▒
▒▒▒▒


You could see Pikel and a kobold.


Message History

Pikel burns you.
Unknown command.
You hit Pikel but do no damage. Lightning courses through Pikel!!
Pikel is severely wounded.
Pikel hits you with a +0 whip of flaming.
* * * LOW HITPOINT WARNING * * *
Pikel burns you.
* * * LOW HITPOINT WARNING * * *
Unknown command.
You closely miss Pikel.
Pikel is severely wounded.
Pikel hits you but does no damage.
The kobold hits you with a +0 short sword.
* * * LOW HITPOINT WARNING * * *
Unknown command.
Unknown command.
You hit Pikel but do no damage. You tail-slap Pikel.
Pikel is severely wounded.
Pikel hits you with a +0 whip of flaming!
* * * LOW HITPOINT WARNING * * *
Pikel burns you.
* * * LOW HITPOINT WARNING * * *
The kobold hits you but does no damage.
Use which ability? (? or * to list)
Aim: Pikel, wielding a +0 whip of flaming and wearing a +0 robe (severely wounded, chance to affect: 83%)
You fail to use your ability.
Pikel hits you with a +0 whip of flaming!
You die...

Action                   |  1- 3 |  4- 6 || total
-------------------------+-------+-------++-------
Melee: Hand axe          |   116 |    83 ||   199
       Tailslap          |    11 |    22 ||    33
       Short sword       |       |    65 ||    65
 Abil: Rolling Charge    |     1 |     4 ||     5
  Use: Potion            |       |     3 ||     3
 Stab: Paralysed         |       |     1 ||     1
Armor: Ring mail         |    89 |    26 ||   115
       Chain mail        |       |    32 ||    32
       Skin              |       |     2 ||     2
Dodge: Dodged            |    70 |    44 ||   114

Levels and vault maps discovered:
D:1:      psy_arrival_spokes, layout_rooms, basic_ecumenical_altar
D:2:      layout_basic
D:3:      layout_rooms, nicolae_ru_great_annihilating_truth,
          gammafunk_temple_overflow_forgotten, chequers_serial_rivers_small_b,
          minmay_misc_feat_columns, grunt_ministairs_2, st_stairs_9,
          uniq_jessica
D:4:      cheibrodos_helix_gallery, layout_loops_ring, serial_shops, shop,
          minmay_puff, uniq_blork_the_orc, uniq_eustachio, uniq_ijyb, uniq_pikel

Notes
Turn   | Place    | Note
-------+----------+-------------------------------------------
     0 | Abyss:1  | sanka the Palentonga Abyssal Knight began the quest for the
                  | Orb.
     0 | Abyss:1  | Reached XP level 1. HP: 19/19 MP: 2/2
     0 | Abyss:1  | Found a corrupted altar of Lugonu.
     6 | D:1      | Escaped the Abyss
   247 | D:1      | Reached XP level 2. HP: 23/25 MP: 3/3
   306 | D:1      | Reached skill level 3 in Axes
   478 | D:1      | Found a faded altar of an unknown god.
   524 | D:1      | Reached ** piety under Lugonu
   742 | D:2      | Reached XP level 3. HP: 31/31 MP: 4/4
   812 | D:2      | HP: 2/31 [hobgoblin (3)]
  1241 | D:2      | Reached skill level 4 in Axes
  1745 | D:3      | Noticed Jessica
  1748 | D:3      | Reached XP level 4. HP: 36/37 MP: 5/5
  1753 | D:3      | Killed Jessica
  2126 | D:3      | Reached skill level 5 in Axes
  2129 | D:3      | Gained mutation: You are weak. (Str -2) [potion of
                  | mutation]
  2129 | D:3      | Gained mutation: Your spells are a little harder to cast,
                  | but a little more powerful. [potion of mutation]
  2129 | D:3      | Lost mutation: You are weak. (Str -2) [potion of mutation]
  2141 | D:3      | Reached *** piety under Lugonu
  2148 | D:3      | Reached XP level 5. HP: 19/43 MP: 6/6
  2633 | D:3      | Found a stormy altar of Qazlal.
  2689 | D:3      | Found a blossoming altar of Fedhas.
  2689 | D:3      | Found a snail-covered altar of Cheibriados.
  2774 | D:3      | Found a sacrificial altar of Ru.
  3101 | D:4      | Noticed Ijyb
  3152 | D:4      | Noticed a lemure
  3152 | D:4      | Noticed a lemure
  3152 | D:4      | Noticed a lemure
  3152 | D:4      | Noticed a centaur
  3169 | D:4      | Killed a centaur
  3170 | D:4      | Reached skill level 3 in Invocations
  3178 | D:3      | HP: 1/43 [lemure[Pikel] (4)]
  3197 | D:3      | Killed a lemure
  3405 | D:3      | Killed a lemure
  3462 | D:4      | Noticed Pikel
  3469 | D:4      | Noticed Blork the orc
  3473 | D:4      | Killed Blork the orc
  3474 | D:4      | Reached XP level 6. HP: 33/50 MP: 8/8
  3483 | D:3      | Reached skill level 4 in Invocations
  3655 | D:4      | Slain by Pikel

Vanquished Creatures
  A centaur (D:4)
  3 lemures (D:3)
  Blork the orc (D:4)
  A howler monkey (D:3)
  Jessica (D:3)
  5 adders
  2 worms (D:3)
  4 dart slugs
  An orc (D:3)
  9 bats
  6 endoplasms
  5 giant cockroaches
  6 goblins
  6 hobgoblins
  6 jackals
  2 kobolds (D:3)
  2 quokkas
  5 ball pythons
  4 frilled lizards
  7 rats
  A bush (D:3)
78 creatures vanquished.

Vanquished Creatures (others)
  2 plants (D:3)
2 creatures vanquished.

Grand Total: 80 creatures vanquished
